 Dungeon Crawl Stone Soup version 0.31-a0-354-g827e095 (webtiles) character file.

Game seed: 17839253277828541387

65 Dorkslayer the Covered (level 4, 0/28 HPs)
             Began as a Gargoyle Fighter on July 23, 2023.
             Slain by a cerulean imp
             ... wielding a +1 spear
             ... summoned by Natasha
              (2 damage)
             ... on level 2 of the Dungeon.
             The game lasted 00:03:23 (1026 turns).

Dorkslayer the Covered (Gargoyle Fighter)           Turns: 1026, Time: 00:03:23

Health: 0/28       AC: 10    Str: 22    XL:     4   Next: 14%
Magic:  4/4        EV:  9    Int:  8    God:
Gold:   59         SH:  4    Dex:  9    Spells: 3/3 levels left

rFire   . . .        l - +1 war axe (elec)
rCold   . . .        c - +0 buckler
rNeg    + . .        b - +0 scale mail
rPois   ∞            (no helmet)
rElec   +            (no cloak)
rCorr   .            (no gloves)
SInv    .            (no boots)
Will    .....        (no amulet) Stlth
                     (no ring)
HPRegen 0.24/turn    (no ring)
MPRegen 0.09/turn

%: no passive effects
@: no status effects
A: sickness immunity, AC +3, negative energy resistance 1, electricity
resistance, torment resistance 1, petrification resistance
a: no special abilities


You were on level 2 of the Dungeon.
You visited 1 branch of the dungeon, and saw 2 of its levels.

You collected 59 gold pieces.

Inventory:

Hand Weapons
 a - a +0 war axe
 l - a +1 war axe of electrocution (weapon)
Armour
 b - a +0 scale mail (worn)
 c - a +0 buckler (worn)
Scrolls
 d - a scroll of silence {unknown}
 e - 2 scrolls of teleportation {unknown}
 f - a scroll of identify {unknown}
 g - a scroll of enchant weapon {unknown}
Potions
 j - a potion of brilliance {unknown}
 k - a potion of invisibility {unknown}


   Skills:
 + Level 3.6 Fighting
 + Level 2.6 Axes
 + Level 3.9 Armour
 * Level 1.0 Dodging
 + Level 3.5 Shields


You had 3 spell levels left.
You didn't know any spells.
Your spell library contained the following spells:

 Spells                   Type           Power      Damage    Failure   Level
 Wereblood                Tmut           0%         N/A       90%         2
 Irradiate                Conj/Tmut      0%         3d11      100%        5


Dungeon Overview and Level Annotations

Branches:
Dungeon (2/15)

Altars:

Annotations:
D:2 Natasha


Innate Abilities, Weirdness & Mutations

You are immune to sickness and miasma.
Your stone body is resilient. (AC +3)
You are immune to poison.
You resist negative energy. (rN+)
You are resistant to electric shocks. (rElec)
You are resistant to unholy torment.
You are immune to petrification.


Message History

d - a scroll labelled YGGEIXT VORETI You feel yourself speed up.
You see here a +0 dagger.
Found 9 gold pieces.
Found a stone staircase leading down.
Found 8 stones.
A worm comes into view.
You see here 9 gold pieces.
Found 5 gold pieces.
The worm bites you but does no damage.
You slash the worm!
The worm is heavily wounded.
You feel a little less mighty now. The worm bites you but does no damage.
You barely miss the worm.
The worm is moderately wounded.
You hit the worm. Lightning courses through the worm!
You kill the worm!
Your Dodging skill increases to level 1!
You see here a worm corpse.
Natasha, Servant of Life and Death comes into view.
You see here 9 gold pieces.
Natasha barely misses you. Natasha closely misses you.
You miss Natasha. Natasha claws you but does no damage.
You closely miss Natasha. Natasha claws you but does no damage.
Natasha claws you.
You closely miss Natasha. Natasha claws you!
* * * LOW HITPOINT WARNING * * *
You closely miss Natasha.
Natasha casts a spell.
You slash Natasha!
Natasha is severely wounded.
Natasha claws you.
* * * LOW HITPOINT WARNING * * *
You block the cerulean imp's attack.
Natasha stares at you and mumbles some strange words.
The magic dart hits you.
* * * LOW HITPOINT WARNING * * *
It was a potion of cancellation.
You feel magically purged.
The cerulean imp hits you from afar with a +1 spear.
You die...

...##...## #.....#
.........########....#.##.
..........................
(..(......#######.##.....(
..........# ##.# ###.#.
<.........### #..# #
...##.......####$##
#######......[...#####
##........@h5..#
#.#...†....##...#
#.###.####....... #..#..#
###.. ......# ## ##.....
...##. ###$ ## #


You could see Natasha and a cerulean imp (summoned).

Vanquished Creatures
  Natasha (D:2)
  A gnoll (D:1)
  2 worms (D:2)
  3 dart slugs (D:1)
  3 bats (D:1)
  An endoplasm (D:1)
  4 goblins
  A kobold (D:1)
  2 ball pythons (D:1)
  A frilled lizard (D:1)
  2 rats (D:1)
21 creatures vanquished.

Notes
Turn   | Place    | Note
-------+----------+-------------------------------------------
     0 | D:1      | Dorkslayer the Gargoyle Fighter began the quest for the
                  | Orb.
     0 | D:1      | Reached XP level 1. HP: 14/14 MP: 1/1
     8 | D:1      | Noticed a black mamba
     8 | D:1      | Noticed a scorpion
     9 | D:1      | Noticed a wolf
     9 | D:1      | Noticed a wyvern
   224 | D:1      | Reached XP level 2. HP: 9/19 MP: 2/2
   290 | D:1      | Reached XP level 3. HP: 23/23 MP: 3/3
   961 | D:2      | Noticed Natasha
   976 | D:2      | Killed Natasha
   977 | D:2      | Reached XP level 4. HP: 3/28 MP: 4/4
  1015 | D:2      | Reached skill level 1 in Dodging
  1016 | D:2      | Noticed Natasha
  1025 | D:2      | HP: 1/28 [Natasha/magic dart (5)]
  1026 | D:2      | Slain by a cerulean imp

Illustrated notes

Levels and vault maps discovered:
D:1:      onia_arrival_zoo_common, layout_loops_ring, serial_park_tiny_2,
          minmay_misc_feat_roman
D:2:      layout_rooms, basic_altar, serial_shops, shop, uniq_natasha

Skill      XL: |  1  2  3  4 |
---------------+-------------+-----
Axes           | 2 |  2.6
Dodging        | 1 |  1.0
Fighting       | |  3.6
Armour         | |  3.9
Shields        | |  3.5

Action                     |  1- 3 |  4- 6 || total
---------------------------+-------+-------++-------
  Melee: War axe           |    91 |     8 ||    99
    Use: Potion            |     2 |     1 ||     3
 Armour: Scale mail        |    70 |     4 ||    74
  Dodge: Dodged            |    61 |     2 ||    63
  Block: Buckler           |    21 |     1 ||    22

Table legend: (Time is in decaauts)
 A = Elapsed time spent in this place.
 B = Non-inter-level travel time spent in this place.
 C = Inter-level travel time spent in this place.
 D = Time resting spent in this place.
 E = Time spent auto-exploring this place.
 F = Levels seen in this place.
 G = Mean time per level.
                   A        B        C        D        E       F      G
               +--------+--------+--------+--------+--------+-----+--------+
         Total |   1084 |   1084 |      0 |      0 |    431 |   2 |  542.0 |
       Dungeon |   1084 |   1084 |      0 |      0 |    431 |   2 |  542.0 |
               +--------+--------+--------+--------+--------+-----+--------+

Top non-repeatable levels by time:
     D:1: 976 daAuts
     D:2: 107 daAuts
